TOP OF THE 1ST |
Tuscaloosa Trout Slayers batting - Pitching for Portland Privateers : LHP Wilbert Cooper
|
Pitching: LHP Wilbert Cooper
|
|
Batting: RHB Lawrence Yates
|
0-0: Called Strike 0-1: Called Strike 0-2: Foul Ball, location: 2F 0-2: Foul Ball, location: 2F 0-2: Fly out, F4 (Line Drive, 4)
|
Batting: LHB Marcos Villarreal
|
0-0: Ball 1-0: SINGLE (Groundball, 34D)
|
Batting: LHB António Cedeño
|
0-0: Called Strike 0-1: Ball 1-1: Foul Ball, location: 2F 1-2: 2-RUN HOME RUN (Flyball, 9D), Distance : 376 ft
|
Batting: RHB Ben Morton
|
0-0: Fly out, F8 (Line Drive, 78M)
|
Batting: LHB Ed Hart
|
0-0: Called Strike 0-1: Ball 1-1: Ground out 4-3 (Groundball, 4)
|
Top of the 1st over - 2 run(s), 2 hit(s), 0 error(s), 0 left on base; Tuscaloosa 2 - Portland 0 |
BOTTOM OF THE 1ST |
Portland Privateers batting - Pitching for Tuscaloosa Trout Slayers : LHP José Acevedo
|
Pitching: LHP José Acevedo
|
|
Batting: RHB Luis Pineda
|
0-0: Called Strike 0-1: Ground out 3-1 (Groundball, 34)
|
Batting: RHB Carlos Castro
|
0-0: Ball 1-0: Called Strike 1-1: Called Strike 1-2: Strikes out swinging
|
Batting: LHB Juan Acotia
|
0-0: Ball 1-0: Ball 2-0: Ground out U3 (Groundball, 3L)
|
Bottom of the 1st over - 0 run(s), 0 hit(s), 0 error(s), 0 left on base; Tuscaloosa 2 - Portland 0 |
TOP OF THE 2ND |
Tuscaloosa Trout Slayers batting - Pitching for Portland Privateers : LHP Wilbert Cooper
|
Batting: RHB Shigemasa Ishida
|
0-0: Called Strike 0-1: Swinging Strike 0-2: Ground out 5-3 (Groundball, 56S)
|
Batting: RHB Pat Fullerton
|
0-0: Ball 1-0: Foul Ball, location: 2F 1-1: Hit by Pitch
|
Batting: RHB Jason Saunders
|
0-0: Called Strike 0-1: Ball 1-1: Ball 2-1: Grounds into double play, 4-6-3 (Groundball, 34)
|
Top of the 2nd over - 0 run(s), 0 hit(s), 0 error(s), 0 left on base; Tuscaloosa 2 - Portland 0 |
BOTTOM OF THE 2ND |
Portland Privateers batting - Pitching for Tuscaloosa Trout Slayers : LHP José Acevedo
|
Batting: SHB Patrick Larson
|
0-0: Called Strike 0-1: SINGLE (Line Drive, 4MD)
|
Batting: RHB Troy Lau
|
0-0: Ball 1-0: Called Strike Patrick Larson is caught stealing 2nd base 1-1: Called Strike 1-2: Ball 2-2: Foul Ball, location: 2F 2-2: Fly out, F6 (Line Drive, 6)
|
Batting: RHB Tomás Estrada
|
0-0: Ball 1-0: Called Strike 1-1: Fly out, F7 (Flyball, 78M)
|
Bottom of the 2nd over - 0 run(s), 1 hit(s), 0 error(s), 0 left on base; Tuscaloosa 2 - Portland 0 |
TOP OF THE 3RD |
Tuscaloosa Trout Slayers batting - Pitching for Portland Privateers : LHP Wilbert Cooper
|
Batting: LHB Mark Owens
|
0-0: Called Strike 0-1: Foul Ball, location: 2F 0-2: Ball 1-2: Strikes out swinging
|
Batting: RHB Lawrence Yates
|
0-0: Called Strike 0-1: Ball 1-1: Ball 2-1: Ball 3-1: Base on Balls
|
Batting: LHB Marcos Villarreal
|
0-0: Ball 1-0: Called Strike 1-1: SINGLE (Groundball, 3S) (infield hit) Lawrence Yates to second
|
Batting: LHB António Cedeño
|
0-0: Ball 1-0: Foul Ball, location: 2F 1-1: Swinging Strike 1-2: Strikes out swinging
|
Batting: RHB Ben Morton
|
0-0: SINGLE (Flyball, 8RS) Lawrence Yates to third Marcos Villarreal to second Runner from 3rd tries for Home, SAFE, no throw
|
Batting: LHB Ed Hart
|
0-0: Ball 1-0: Fielders Choice at 2nd, 4-6 (Groundball, 4)
|
Top of the 3rd over - 1 run(s), 2 hit(s), 0 error(s), 1 left on base; Tuscaloosa 3 - Portland 0 |
BOTTOM OF THE 3RD |
Portland Privateers batting - Pitching for Tuscaloosa Trout Slayers : LHP José Acevedo
|
Batting: RHB José Balina
|
0-0: Ground out 4-3 (Groundball, 4)
|
Batting: LHB Pedro Padilla
|
0-0: Ball 1-0: Swinging Strike 1-1: Ball 2-1: Fly out, F8 (Flyball, 8LM)
|
Batting: LHB Yasuhiko Onodera
|
0-0: Called Strike 0-1: Ball 1-1: Swinging Strike 1-2: Foul Ball, location: 2F 1-2: Foul Ball, location: 2F 1-2: Ball 2-2: Ball 3-2: SINGLE (Groundball, 4MD)
|
Batting: RHB Luis Pineda
|
0-0: Foul Ball, location: 2F 0-1: Ball 1-1: TRIPLE (Flyball, 89XD) Yasuhiko Onodera scores
|
Batting: RHB Carlos Castro
|
0-0: Ball 1-0: Fly out, F7 (Flyball, 7)
|
Bottom of the 3rd over - 1 run(s), 2 hit(s), 0 error(s), 1 left on base; Tuscaloosa 3 - Portland 1 |
TOP OF THE 4TH |
Tuscaloosa Trout Slayers batting - Pitching for Portland Privateers : LHP Wilbert Cooper
|
Batting: RHB Shigemasa Ishida
|
0-0: Called Strike 0-1: Ball 1-1: Ground out 6-3 (Groundball, 6)
|
Batting: RHB Pat Fullerton
|
0-0: Foul Ball, location: 2F 0-1: Foul Ball, location: 2F 0-2: Foul Ball, location: 2F 0-2: Ball 1-2: Ball 2-2: Fly out, F9 (Flyball, 9LM)
|
Batting: RHB Jason Saunders
|
0-0: Called Strike 0-1: Ball 1-1: Foul Ball, location: 2F 1-2: SINGLE (Groundball, 6S) (infield hit)
|
Batting: LHB Mark Owens
|
0-0: Called Strike 0-1: Ball 1-1: Fielders Choice at 2nd, 5-4 (Groundball, 56)
|
Top of the 4th over - 0 run(s), 1 hit(s), 0 error(s), 0 left on base; Tuscaloosa 3 - Portland 1 |
BOTTOM OF THE 4TH |
Portland Privateers batting - Pitching for Tuscaloosa Trout Slayers : LHP José Acevedo
|
Batting: LHB Juan Acotia
|
0-0: Called Strike 0-1: Ball 1-1: Ball 2-1: Fly out, F7 (Flyball, 7S)
|
Batting: SHB Patrick Larson
|
0-0: Ball 1-0: Ball 2-0: SINGLE (Flyball, 78S)
|
Batting: RHB Troy Lau
|
0-0: Ball 1-0: Called Strike 1-1: Foul Ball, location: 2F 1-2: Fly out, F7 (Line Drive, 7D)
|
Batting: RHB Tomás Estrada
|
0-0: Ground out 1-3 (Groundball, 13S)
|
Bottom of the 4th over - 0 run(s), 1 hit(s), 0 error(s), 1 left on base; Tuscaloosa 3 - Portland 1 |
TOP OF THE 5TH |
Tuscaloosa Trout Slayers batting - Pitching for Portland Privateers : LHP Wilbert Cooper
|
Batting: RHB Lawrence Yates
|
0-0: Ball 1-0: Ball 2-0: Foul Ball, location: 2F 2-1: SINGLE (Groundball, 56S) (infield hit)
|
Batting: LHB Marcos Villarreal
|
0-0: Ball Lawrence Yates is caught stealing 2nd base 1-0: Swinging Strike 1-1: Fly out, F4 (Line Drive, 4M)
|
Batting: LHB António Cedeño
|
0-0: Ball 1-0: Swinging Strike 1-1: Reached on error, E5 (Groundball, 6)
|
Pitching: RHP Ricardo Ontiveros
|
|
Batting: RHB Ben Morton
|
0-0: Swinging Strike 0-1: Ball 1-1: Ball 2-1: SINGLE (Groundball, 6MD) António Cedeño to second Runner from 2nd tries for 3rd, SAFE, throw made to third
|
Batting: LHB Ed Hart
|
0-0: Foul Ball, location: 2F 0-1: Ball 1-1: Foul Ball, location: 2F 1-2: Ball 2-2: Foul Ball, location: 2F 2-2: Strikes out looking
|
Top of the 5th over - 0 run(s), 2 hit(s), 1 error(s), 2 left on base; Tuscaloosa 3 - Portland 1 |
BOTTOM OF THE 5TH |
Portland Privateers batting - Pitching for Tuscaloosa Trout Slayers : LHP José Acevedo
|
Batting: RHB José Balina
|
0-0: Ball 1-0: Swinging Strike 1-1: Ball 2-1: Fly out, F7 (Flyball, 78M)
|
Batting: LHB Pedro Padilla
|
0-0: Foul Ball, location: 2F 0-1: Ball 1-1: Ground out 4-3 (Groundball, 4)
|
Batting: LHB Yasuhiko Onodera
|
0-0: Ball 1-0: Ball 2-0: Called Strike 2-1: Ball 3-1: SOLO HOME RUN (Flyball, 9LD), Distance : 325 ft
|
Batting: RHB Luis Pineda
|
0-0: Called Strike 0-1: Called Strike 0-2: Ground out U3 (Groundball, 2R)
|
Bottom of the 5th over - 1 run(s), 1 hit(s), 0 error(s), 0 left on base; Tuscaloosa 3 - Portland 2 |
TOP OF THE 6TH |
Tuscaloosa Trout Slayers batting - Pitching for Portland Privateers : RHP Ricardo Ontiveros
|
Batting: RHB Shigemasa Ishida
|
0-0: Called Strike 0-1: Foul Ball, location: 2F 0-2: Ground out 5-3 (Groundball, 5)
|
Batting: RHB Pat Fullerton
|
0-0: Swinging Strike 0-1: Ball 1-1: Foul Ball, location: 2F 1-2: Ball 2-2: Strikes out swinging
|
Batting: RHB Jason Saunders
|
0-0: Foul Ball, location: 2F 0-1: Called Strike 0-2: Fly out, F9 (Flyball, 9S)
|
Top of the 6th over - 0 run(s), 0 hit(s), 0 error(s), 0 left on base; Tuscaloosa 3 - Portland 2 |
BOTTOM OF THE 6TH |
Portland Privateers batting - Pitching for Tuscaloosa Trout Slayers : LHP José Acevedo
|
Batting: RHB Carlos Castro
|
0-0: Ball 1-0: Called Strike 1-1: Foul Ball, location: 2F 1-2: Foul Ball, location: 2F 1-2: SINGLE (Flyball, 6MD)
|
Batting: LHB Juan Acotia
|
0-0: Ball 1-0: Foul Ball, location: 2F 1-1: DOUBLE (Flyball, 9LD) Carlos Castro to third
|
Batting: SHB Patrick Larson
|
0-0: Ball 1-0: Foul Ball, location: 2F 1-1: Ball 2-1: Ball 3-1: Called Strike 3-2: Ground out 4-3 (Groundball, 4)
|
Batting: RHB Troy Lau
|
0-0: Ball 1-0: Ground out 5-3 (Groundball, 56S)
|
Batting: RHB Tomás Estrada
|
0-0: Called Strike 0-1: Fly out, F7 (Line Drive, 7)
|
Bottom of the 6th over - 0 run(s), 2 hit(s), 0 error(s), 2 left on base; Tuscaloosa 3 - Portland 2 |
TOP OF THE 7TH |
Tuscaloosa Trout Slayers batting - Pitching for Portland Privateers : RHP Ricardo Ontiveros
|
Batting: LHB Mark Owens
|
0-0: Ball 1-0: Ball 2-0: Swinging Strike 2-1: Swinging Strike 2-2: Fly out, F9 (Flyball, 9S)
|
Batting: RHB Lawrence Yates
|
0-0: Fly out, F9 (Flyball, 9)
|
Batting: LHB Marcos Villarreal
|
0-0: Ball 1-0: Ball 2-0: Ball 3-0: Base on Balls
|
Batting: LHB António Cedeño
|
0-0: Fly out, F7 (Flyball, 78D)
|
Top of the 7th over - 0 run(s), 0 hit(s), 0 error(s), 1 left on base; Tuscaloosa 3 - Portland 2 |
BOTTOM OF THE 7TH |
Portland Privateers batting - Pitching for Tuscaloosa Trout Slayers : LHP José Acevedo
|
Batting: RHB José Balina
|
0-0: Ball 1-0: Ball 2-0: Ball 3-0: Called Strike 3-1: Called Strike 3-2: Base on Balls
|
Batting: LHB Pedro Padilla
|
0-0: Ball 1-0: SINGLE (Groundball, 34) José Balina to second Runner from 2nd tries for 3rd, SAFE, throw made to third
|
Pitching: RHP Jesús Ramos
|
|
Batting: LHB Yasuhiko Onodera
|
0-0: Called Strike 0-1: 3-RUN HOME RUN (Flyball, 9LD), Distance : 341 ft
|
Batting: RHB Luis Pineda
|
0-0: Called Strike 0-1: Ball 1-1: Ball 2-1: Ground out 6-3 (Groundball, 6)
|
Batting: RHB Carlos Castro
|
0-0: Ball 1-0: Swinging Strike 1-1: Ball 2-1: Ball 3-1: Fly out, F4 (Line Drive, 4MS)
|
Batting: LHB Juan Acotia
|
0-0: Swinging Strike 0-1: Swinging Strike 0-2: Foul Ball, location: 2F 0-2: Strikes out swinging
|
Bottom of the 7th over - 3 run(s), 2 hit(s), 0 error(s), 0 left on base; Tuscaloosa 3 - Portland 5 |
TOP OF THE 8TH |
Tuscaloosa Trout Slayers batting - Pitching for Portland Privateers : RHP Ricardo Ontiveros
|
Batting: RHB Ben Morton
|
0-0: SINGLE (Line Drive, 6MD)
|
Pitching: LHP Mike Campbell
|
|
Batting: LHB Ed Hart
|
0-0: Ball 1-0: Ball 2-0: Called Strike 2-1: Ball 3-1: Base on Balls Ben Morton to second
|
Batting: RHB Shigemasa Ishida
|
0-0: Called Strike 0-1: Swinging Strike 0-2: Ball 1-2: Ball 2-2: Foul Ball, location: 2F 2-2: Foul Ball, location: 2F 2-2: Strikes out swinging
|
Batting: RHB Pat Fullerton
|
0-0: Ball 1-0: Swinging Strike 1-1: Ball 2-1: DOUBLE (Line Drive, 5D) Ben Morton scores Ed Hart to third
|
Pinch Hitting: RHB José Fernández
|
0-0: Ball 1-0: Ball 2-0: Foul Ball, location: 2F 2-1: Foul Ball, location: 2F 2-2: SINGLE (Groundball, 3D) Ed Hart scores Pat Fullerton to third
|
Pinch Hitting: RHB César Reyes
|
0-0: SINGLE (Flyball, 7LS) Pat Fullerton scores José Fernández to second
|
Pitching: LHP Luke Brown
|
|
Batting: RHB Lawrence Yates
|
0-0: Called Strike 0-1: Foul Ball, location: 2F 0-2: Strikes out swinging
|
Batting: LHB Marcos Villarreal
|
0-0: Swinging Strike 0-1: Foul Ball, location: 2F 0-2: Ball Wild Pitch! José Fernández to third César Reyes to second 1-2: Foul Ball, location: 2F 1-2: Strikes out swinging
|
Top of the 8th over - 3 run(s), 4 hit(s), 0 error(s), 2 left on base; Tuscaloosa 6 - Portland 5 |
BOTTOM OF THE 8TH |
Portland Privateers batting - Pitching for Tuscaloosa Trout Slayers : RHP Jesús Ramos
|
Now at 2B: Wilford Lush
|
|
Now at SS: José Ortega
|
|
Batting: SHB Patrick Larson
|
0-0: Fly out, F8 (Flyball, 8RS)
|
Batting: RHB Troy Lau
|
0-0: Called Strike 0-1: Swinging Strike 0-2: Ball 1-2: Strikes out swinging
|
Batting: RHB Tomás Estrada
|
0-0: Ball 1-0: Called Strike 1-1: Ball 2-1: Foul Ball, location: 2F 2-2: Ball 3-2: Fly out, F4 (Line Drive, 4)
|
Bottom of the 8th over - 0 run(s), 0 hit(s), 0 error(s), 0 left on base; Tuscaloosa 6 - Portland 5 |
TOP OF THE 9TH |
Tuscaloosa Trout Slayers batting - Pitching for Portland Privateers : LHP Luke Brown
|
Batting: LHB António Cedeño
|
0-0: Ball 1-0: Called Strike 1-1: Ground out 6-3 (Groundball, 4MD)
|
Batting: RHB Ben Morton
|
0-0: Ball 1-0: Fly out, F9 (Flyball, 9)
|
Batting: LHB Ed Hart
|
0-0: Called Strike 0-1: Ball 1-1: Swinging Strike 1-2: SOLO HOME RUN (Line Drive, 7D), Distance : 375 ft
|
Batting: RHB Shigemasa Ishida
|
0-0: Called Strike 0-1: Foul Ball, location: 2F 0-2: Strikes out swinging
|
Top of the 9th over - 1 run(s), 1 hit(s), 0 error(s), 0 left on base; Tuscaloosa 7 - Portland 5 |
BOTTOM OF THE 9TH |
Portland Privateers batting - Pitching for Tuscaloosa Trout Slayers : RHP Jesús Ramos
|
Pitching: RHP John Charles
|
|
Now in LF: Lowie van den Bogaert
|
|
Batting: RHB José Balina
|
0-0: Called Strike 0-1: Ball 1-1: Called Strike 1-2: Strikes out swinging
|
Batting: LHB Pedro Padilla
|
0-0: Ground out 1-3 (Groundball, 13S)
|
Batting: LHB Yasuhiko Onodera
|
0-0: Ball 1-0: Ball 2-0: Ball 3-0: Called Strike 3-1: Foul Ball, location: 2F 3-2: Foul Ball, location: 2F 3-2: Foul Ball, location: 2F 3-2: Base on Balls
|
Batting: RHB Luis Pineda
|
0-0: Called Strike 0-1: Foul Ball, location: 2F 0-2: Strikes out looking
|
Bottom of the 9th over - 0 run(s), 0 hit(s), 0 error(s), 1 left on base; Tuscaloosa 7 - Portland 5 |
|